AoeStats
← anzunza2014

Oasis

508568316Analyzed
2v2 RM · 8d ago on Sep 23, 2026· 53m 57s· 4 players
Game mode
Random Map
Map size
Medium (4 player)
Population
200
Speed
Normal
Resources
Standard
Victory
Conquest
Starting age
Dark Age
Ending age
Imperial Age
RankedLock teamsTeams togetherTeam positionsShared explorationLock speedFull tech treeHidden civsTurbo modeCheats
Victory
Defeat
🇺🇸 Varangians · United States
950
+15
🇺🇸 Huns · United States
926
+16
🇪🇨 Ethiopians · Ecuador
953
-17
🇦🇷 Goths · Argentina
890
-14
ScottWardo
6:27 Loom
11:54 Feudal Age
14:21 Double-Bit Axe
18:09 Castle Age
16:28 Man-at-Arms
19:13 Long Swordsman
27:20 Horse Collar
28:43 Gold Mining
33:13 Imperial Age
31:27 Forging
31:57 Stone Mining
33:00 Scale Barding Armor
34:23 Conscription
34:50 Bow Saw
36:25 Husbandry
36:36 Bloodlines
37:04 Squires
37:11 Vendel Legacy
39:24 Iron Casting
39:10 Chain Barding Armor
39:29 Stone Shaft Mining
39:12 Cranequins
43:57 Elite Jarl
43:58 Vendel Legacy
45:05 Fletching
46:05 Elite Varangian Guard
47:39 Light Cavalry
50:10 Hussar
anzunza2014
2:04 Loom
12:49 Feudal Age
13:22 Double-Bit Axe
17:57 Castle Age
16:17 Fletching
16:57 Horse Collar
18:29 Padded Archer Armor
21:07 Gold Mining
21:52 Leather Archer Armor
24:29 Forging
25:11 Bow Saw
26:05 Bodkin Arrow
27:05 Bloodlines
27:04 Town Watch
29:29 Heavy Plow
31:02 Iron Casting
30:30 Husbandry
29:53 Pikeman
30:36 Squires
31:17 Wheelbarrow
32:22 Ballistics
33:23 Scale Mail Armor
34:17 Gold Shaft Mining
36:57 Imperial Age
34:00 Elite Skirmisher
38:00 Conscription
38:50 Chemistry
37:55 Bracer
38:12 Chain Mail Armor
39:12 Parthian Tactics
39:33 Halberdier
41:35 Light Cavalry
44:21 Scale Barding Armor
45:42 Thumb Ring
49:05 Hussar
50:49 Blast Furnace
50:10 Chain Barding Armor
Ramb-0401
7:20 Loom
9:36 Feudal Age
10:19 Double-Bit Axe
14:43 Horse Collar
15:07 Fletching
21:09 Castle Age
21:45 Forging
22:52 Scale Barding Armor
23:54 Crossbowman
28:20 Padded Archer Armor
29:43 Leather Archer Armor
29:59 Town Watch
32:17 Chain Barding Armor
32:39 Husbandry
32:26 Elite Skirmisher
35:16 Ballistics
35:16 Royal Heirs
38:14 Imperial Age
36:36 Wheelbarrow
37:05 Bodkin Arrow
38:19 Thumb Ring
41:42 Bracer
42:46 Hand Cart
42:11 Arbalester
43:40 Conscription
45:00 Royal Heirs
joaquinrainone
0:26 Loom
12:10 Feudal Age
18:11 Castle Age
16:03 Horse Collar
16:09 Double-Bit Axe
17:01 Gold Mining
16:37 Man-at-Arms
17:23 Stone Mining
17:20 Town Watch
18:48 Wheelbarrow
18:55 Man-at-Arms
19:48 Forging
19:38 Scale Mail Armor
20:54 Bow Saw
25:38 Pikeman
27:08 Squires
26:29 Long Swordsman
29:05 Iron Casting
29:30 Chain Mail Armor
30:44 Stone Shaft Mining
30:40 Hand Cart
30:29 Town Patrol
31:23 Padded Archer Armor
31:14 Fletching
32:04 Scale Barding Armor
33:28 Leather Archer Armor
33:10 Bodkin Arrow
33:48 Chain Barding Armor
34:06 Coinage
33:37 Caravan
34:49 Heavy Plow
36:21 Crossbowman
42:11 Imperial Age
40:56 Anarchy
41:53 Murder Holes
41:39 Treadmill Crane
42:17 Halberdier
43:20 Conscription
43:01 Perfusion
42:27 Elite Huskarl
44:23 Guilds
46:43 Two-Man Saw
45:58 Masonry
46:12 Elite Skirmisher
47:12 Fervor
47:24 Sanctity
49:58 Crop Rotation
50:34 Blast Furnace
50:58 Husbandry
51:09 Bloodlines
50:20 Light Cavalry
51:55 Ring Archer Armor
51:04 Cavalier
Connection lost

Rejoining the realm…

Still unreachable

The connection could not be restored.

Session expired

The server has moved on; the page needs a fresh start.